Map: Lerilak Crest

Players

LEGACYofVOID

  • Race: Protoss Protoss

LilDicky - Winner!

  • Race: Terran Terran
  • League: Diamond

VOD

http://www.twitch.tv/tumescentpie

Description

Time

  • Played on: Nov. 25, 2015, 7:12 p.m.
  • Length: 6:42
Show
View Real Time Build Order
Export as new Build Order

LEGACYofVOID Protoss 

Build Orders:  

Get SALT Encoding   

  12  0:01  Probe (Chrono Boost)  
  13  0:12  Probe (Chrono Boost)  
  14  0:19  Pylon  
  14  0:22  Probe (Chrono Boost)  
  15  0:37  Probe (Chrono Boost)  
  16  0:47  Probe (Chrono Boost)  
  17  0:51  Gateway  
  17  1:06  Probe (Chrono Boost)  
  17  1:10  Assimilator  
  18  1:14  Assimilator  
  18  1:16  Probe (Chrono Boost)  
  19  1:29  Probe (Chrono Boost), Pylon  
  20  1:39  Probe (Chrono Boost)  
  21  1:44  Cybernetics Core  
  21  1:50  Probe (Chrono Boost)  
  22  2:00  Probe (Chrono Boost)  
  23  2:11  Probe (Chrono Boost)  
  24  2:17  Nexus  
  24  2:21  Warp Gate  
  24  2:22  Probe (Chrono Boost)  
  25  2:23  Adept  
  27  2:32  Probe (Chrono Boost)  
  28  2:43  Probe (Chrono Boost)  
  28  2:54  Adept  
  28  2:58  Pylon  
  30  3:01  Probe (Chrono Boost)  
  30  3:02  Pylon  
  31  3:06  Gateway x2  
  31  3:33  Sentry  
  31  3:46  Robotics Facility  
  31  3:58  Probe (Chrono Boost)  
  31  3:59  Mothership Core (Chrono Boost)  
  34  4:09  Probe (Chrono Boost)  
  35  4:17  Probe (Chrono Boost)  
  35  4:23  Pylon  
  35  4:33  Observer  
  35  4:37  Probe x2 (Chrono Boost)  
  38  4:43  Stalker x2  
  41  4:48  Probe (Chrono Boost)  
  42  4:54  Immortal  
  42  4:56  Sentry  
  48  5:07  Pylon  
  48  5:17  Sentry x2  
  52  5:35  Stalker  
  52  6:06  Nexus  
  52  6:08  Pylon  
  52  6:13  Stalker  
  50  6:21  Stalker x2  
  38  6:37  Sentry  
Show
View Real Time Build Order
Export as new Build Order

LilDicky Terran - Winner!

Build Orders: MMM Bio 

Get SALT Encoding   

  12  0:02  SCV  
  13  0:14  SCV  
  13  0:19  Supply Depot  
  14  0:26  SCV  
  15  0:30  Refinery  
  15  0:40  SCV  
  16  0:46  Barracks  
  16  0:53  SCV  
  17  1:05  SCV  
  18  1:17  SCV  
  19  1:33  Orbital Command  
  19  1:36  Marine  
  19  1:37  Supply Depot  
  20  1:44  Factory  
  20  1:59  SCV, Marine  
  22  2:07  Barracks  
  22  2:11  Barracks  
  22  2:25  Barracks Reactor  
  22  2:38  SCV  
  23  2:50  SCV  
  24  2:54  Refinery  
  24  2:55  Supply Depot  
  24  2:56  Barracks Tech Lab  
  24  2:58  Barracks Tech Lab  
  24  3:01  Widow Mine  
  24  3:04  SCV  
  27  3:08  Marine x2  
  29  3:16  Stimpack  
  29  3:17  Marine x2  
  31  3:26  Marine x2  
  32  3:38  Marauder  
  32  3:39  Marauder  
  32  3:40  Combat Shields  
  36  3:42  SCV  
  36  3:43  Marine x2  
  39  3:49  Supply Depot  
  39  4:07  Marine  
  39  4:10  SCV, Marauder x2, Marine  
  39  4:12  Supply Depot  
  45  4:31  SCV  
  46  4:32  Starport  
  46  4:34  Supply Depot, Marine  
  46  4:35  Marauder x2  
  46  4:38  Marine  
  51  4:52  Marine  
  51  4:55  Marine  
  51  4:56  Marine x2  
  55  5:06  SCV  
  54  5:08  Concussive Shells  
  54  5:10  Marine, Medivac  
  54  5:13  Marine  
  60  5:14  Marauder  
  60  5:18  SCV  
  60  5:20  Supply Depot  
  63  5:42  Marauder  
  60  6:02  Marine x2  
  60  6:03  Marauder x2  
  65  6:04  Medivac  
  67  6:12  SCV  
Tags
 
Add a new tag
Caveats
  • Supply blocks, unpowered buildings, or Contaminate may cause inaccurate times.
  • Supply counts are checked every 10 seconds.